 Dungeon Crawl Stone Soup version 0.31-a0-664-g902f515a81 (webtiles) character file.

Game seed: 5632194759628207809

4044 Xavori the Covert (level 10, 0/61 HPs)
             Began as an Octopode Chaos Knight on Sept 2, 2023.
             Was a Plaything of Xom.
             Slain by an orc warrior
             ... wielding a +0 halberd of protection
             ... summoned by Xom
              (14 damage)
             ... on level 8 of the Dungeon.
             The game lasted 00:08:20 (11856 turns).

Xavori the Covert (Octopode Chaos Knight)          Turns: 11856, Time: 00:08:21

Health: 0/61       AC:  3    Str: 14    XL:     10   Next: 24%
Magic:  10/10      EV: 16    Int: 13    God:    Xom [......]
Gold:   1132       SH:  0    Dex: 19    Spells: 9/9 levels left

rFire   + + .        C - +6 dagger (freeze)
rCold   + + .        (no shield)
rNeg    . . .        (helmet restricted)
rPois   .            v - amulet of regeneration
rElec   +            f - ring of protection from cold
rCorr   .            t - ring of see invisible
SInv    +            (no ring)
Will    .....        (no ring)
Stlth   ++++++       (no ring)
HPRegen 1.10/turn    (no ring)
MPRegen 0.12/turn    (no ring)
                     (no ring)

%: no passive effects
@: no status effects
A: almost no armour, amphibious, 8 rings, camouflage 1, gelatinous body 1,
(nimble swimmer 1), tentacles, tentacle spike 1, iridescent scales 1, agile 1,
cold resistance 1, fire resistance 2, frail 1, electricity resistance, strong 1,
MP-powered wands, noise suppression
a: Renounce Religion


You were on level 8 of the Dungeon.
You worshipped Xom.
You were a very special plaything of Xom.
You visited 1 branch of the dungeon, and saw 8 of its levels.

You collected 1132 gold pieces.

Inventory:

Hand Weapons
 a - a +1 short sword of chaos
 C - a +6 dagger of freezing (weapon)
Missiles
 d - a throwing net
Jewellery
 f - a ring of protection from cold (left tentacle)
 s - a ring of ice
 t - a ring of see invisible (right tentacle)
 v - an amulet of regeneration (around mantle)
 F - a ring of willpower
Talismans
 c - a blade talisman
Wands
 l - a wand of flame (9)
 r - a wand of charming (8)
 A - a wand of quicksilver (12)
Scrolls
 b - a scroll of butterflies
 e - 3 scrolls of enchant armour
 i - 2 scrolls of brand weapon
 n - 4 scrolls of teleportation
 o - a scroll of immolation
 p - a scroll of fog
 u - a scroll of blinking {unknown}
 y - a scroll of vulnerability {unknown}
 z - a scroll of torment {unknown}
 B - a scroll of revelation {unknown}
 D - a scroll of enchant weapon
 E - a scroll of noise {unknown}
Potions
 g - a potion of might {unknown}
 h - 3 potions of berserk rage
 j - 4 potions of heal wounds
 k - a potion of curing
 m - a potion of enlightenment {unknown}
 q - 2 potions of haste
 w - a potion of ambrosia {unknown}
 x - a potion of lignification {unknown}


   Skills:
 + Level 6.0 Fighting
 + Level 7.5 Short Blades
 + Level 6.0 Dodging
 + Level 12.4 Stealth
 * Level 3.4 Unarmed Combat
 + Level 1.3 Evocations
 * Level 2.8 Shapeshifting


You had 9 spell levels left.
You didn't know any spells.
Your spell library contained the following spells:

 Spells                   Type           Power      Damage    Failure   Level
 Sublimation of Blood     Necr           0%         N/A       43%         2
 Wereblood                Tmut           0%         N/A       43%         2
 Ignite Poison            Fire/Tmut/Pois 0%         N/A       67%         3
 Portal Projectile        Hex/Tloc       0%         N/A       67%         3
 Tukima's Dance           Hex            0%         N/A       67%         3
 Iskenderun's Mystic Bla  Conj/Tloc      0%         2d3       97%         4
 Sticky Flame             Conj/Fire      0%         2d3       97%         4
 Vhi's Electric Charge    Tloc/Air       0%         N/A       97%         4
 Alistair's Intoxication  Tmut/Pois      0%         N/A       100%        5
 Arcjolt                  Conj/Air       0%         1d10      100%        5
 Borgnjor's Vile Clutch   Necr/Erth      0%         N/A       100%        5
 Summon Forest            Summ/Tloc      0%         N/A       100%        5
 Eringya's Noxious Bog    Tmut/Pois      0%         4d6       100%        6
 Summon Hydra             Summ           0%         N/A       100%        7
 Ignition                 Fire           0%         3d3       100%        8
 Maxwell's Capacitive Co  Air            0%         ∞         100%        8


Dungeon Overview and Level Annotations

Branches:
Dungeon (8/15)             Temple (0/1) D:7
   Lair: D:8-11

Altars:
Sif Muna
Xom

Annotations:
D:4 3 runed translucent doors, jpeg9000's ghost, amateur TrHW


Innate Abilities, Weirdness & Mutations

You cannot wear most types of armour.
You are amphibious.
You can wear up to eight rings at the same time.
Your skin changes colour to match your surroundings (Stealth+).
Your rubbery body absorbs attacks. (AC +1, EV +1)
((You are camouflaged when in or above water. (Stealth+)))
You have tentacles for arms and can constrict up to eight enemies at once.
One of your tentacles bears a spike.
You are partially covered in iridescent scales. (AC +2)
You are agile. (Dex +4, Str/Int -1)
Your flesh is cold resistant. (rC+)
Your flesh is very heat resistant. (rF++)
You are frail. (-10% HP)
You are resistant to electric shocks. (rElec)
Your muscles are strong. (Str +4, Int/Dex -1)
You expend magic power (3 MP) to strengthen your wands.
You passively dampen the noise of your surroundings.


Message History

You closely miss the orc. You grab the orc. You squeeze the orc.
The orc is moderately wounded.
You constrict the orc.
You feel sick. The orc barely misses you. The orc warrior closely misses you.
You hit the orc. You freeze the orc.
You kill the orc!
The orc's corpse degenerates into a cloud of primal chaos!
You feel sick.
You feel much better.
You feel sick.
You feel sick.
The orc warrior hits you from afar with a +0 halberd of protection!!
* * * LOW HITPOINT WARNING * * *
You hit the orc wizard. You freeze the orc wizard.
Your grab misses the orc wizard.
You pierce the orc wizard.
Your squeeze misses the orc wizard.
The orc wizard is severely wounded.
You feel sick.
You are no longer poisoned.
The orc wizard mumbles some strange words.
The orc wizard flickers and vanishes for a moment.
The orc warrior hits you from afar with a +0 halberd of protection.
* * * LOW HITPOINT WARNING * * *
You closely miss the orc wizard. Your grab misses the orc wizard.
Your tentacle spike misses the orc wizard.
Your squeeze misses the orc wizard.
The orc wizard is severely wounded.
The orc wizard hits you with a +0 dagger.
* * * LOW HITPOINT WARNING * * *
You hit the orc wizard. You freeze the orc wizard. You grab the orc wizard.
You pierce the orc wizard.
You kill the orc wizard!
The orc wizard's corpse disappears in a puff of smoke!
The orc warrior misses you.
You closely miss the orc. You grab the orc.
You pierce the orc.
You squeeze the orc, but do no damage.
The orc is heavily wounded.
You constrict the orc.
The orc escapes!
The orc warrior hits you from afar with a +0 halberd of protection!
You die... "It's all fun and games until someone loses an eye."

###+## #....# #....#
#....# #....# ..
######....# #...
#@o.#.....#
#...####+##...#.o...#
.........#.o..#.o...#
.........###'###.o..#
.........##...##....#
....................#
......).)...........#
...##)).##.........#
#+####.).##.........#


You could see an orc warrior (summoned) and an orc (summoned).

Vanquished Creatures
  A boulder beetle (D:7)
  A fire crab (shapeshifter) (D:6)
  Prince Ribbit (D:5)
  Sigmund (D:4)
  A wyvern (D:7)
  A steam dragon (D:7)
  Duvessa (D:7)
  2 ice beasts (D:7)
  2 black bears (D:7)
  2 orc warriors (D:6)
  An ogre (D:6)
  3 centaurs
  2 bullfrogs (D:7)
  3 scorpions
  3 wights (D:7)
  Dowan (D:7)
  A jelly (D:6)
  3 hounds
  2 gnoll boudas (D:8)
  2 orc priests
  A sleepcap (D:5)
  Ijyb (D:5)
  Terence (D:2)
  2 iguanas
  2 orc wizards (D:7)
  19 gnolls
  8 adders
  A white imp (D:6)
  An ufetubus (D:7)
  A worm (D:2)
  13 orcs
  6 bats
  7 endoplasms
  A giant cockroach (D:2)
  6 goblins
  4 hobgoblins
  4 jackals
  6 kobolds
  A quokka (D:2)
  7 ball pythons
  2 frilled lizards (D:3)
  3 rats
131 creatures vanquished.

Vanquished Creatures (collateral kills)
  An orc (D:6)
  A goblin (D:2)
2 creatures vanquished.

Grand Total: 133 creatures vanquished

Notes
Turn   | Place    | Note
-------+----------+-------------------------------------------
     0 | D:1      | Xavori the Octopode Chaos Knight began the quest for the
                  | Orb.
     0 | D:1      | Reached XP level 1. HP: 16/16 MP: 1/1
   154 | D:1      | Reached XP level 2. HP: 20/21 MP: 2/2
   206 | D:1      | XOM: silly message
   390 | D:1      | XOM: summons 2 hostile demons
   391 | D:1      | Noticed a hellwing
   392 | D:1      | HP: 1/21 [white imp/puff of frost[Xom] (7)]
   723 | D:1      | XOM: torment (12/21 hp)
   798 | D:1      | Reached skill level 1 in Stealth
   914 | D:1      | XOM: give mutations
   914 | D:1      | Gained mutation: You expend magic power (3 MP) to
                  | strengthen your wands. [Xom's mischief]
   914 | D:1      | Gained mutation: You sometimes lose your temper in combat.
                  | [Xom's mischief]
   914 | D:1      | Gained mutation: Your muscles are strong. (Str +4, Int/Dex
                  | -1) [Xom's mischief]
   914 | D:1      | Gained mutation: Your magical capacity is low. (-10% MP)
                  | [Xom's mischief]
   979 | D:1      | XOM: give mutation
   979 | D:1      | Gained mutation: Your system is resistant to poisons.
                  | (rPois) [Xom's mischief]
  1140 | D:1      | XOM: summons 2 hostile demons
  1418 | D:1      | XOM is BORED!
  1418 | D:1      | XOM: summons 1 hostile shadow creature
  1586 | D:1      | XOM: give mutations
  1586 | D:1      | Gained mutation: Your flesh is cold resistant. (rC+) [Xom's
                  | mischief]
  1586 | D:1      | Lost mutation: Your flesh is cold resistant. (rC+) [Xom's
                  | mischief]
  1586 | D:1      | Gained mutation: You are frail. (-10% HP) [Xom's mischief]
  1953 | D:1      | XOM: give mutations
  1953 | D:1      | Lost mutation: You sometimes lose your temper in combat.
                  | [Xom's mischief]
  1953 | D:1      | Lost mutation: Your magical capacity is low. (-10% MP)
                  | [Xom's mischief]
  1955 | D:1      | XOM: summons 2 hostile demons
  1956 | D:1      | Noticed a crimson imp
  2582 | D:1      | XOM: summons 2 hostile shadow creatures
  2740 | D:1      | XOM: give mutation
  2740 | D:1      | Gained mutation: Your flesh is cold resistant. (rC+) [Xom's
                  | mischief]
  2979 | D:1      | XOM: draining
  3816 | D:1      | XOM: summons 2 hostile demons
  3817 | D:1      | Noticed a hellwing
  3869 | D:2      | XOM: god gift: +0 lajatang of chaos
  3872 | D:2      | XOM: scenery: create altars
  3910 | D:1      | XOM: give mutations
  3910 | D:1      | Gained mutation: You have hidden genetic potential. [Xom's
                  | grace]
  3910 | D:1      | Gained mutation: You are agile. (Dex +4, Str/Int -1) [Xom's
                  | grace]
  5166 | D:1      | XOM: give mutations
  5166 | D:1      | Gained mutation: Your flesh is heat resistant. (rF+) [Xom's
                  | grace]
  5166 | D:1      | Gained mutation: Your flesh is very heat resistant. (rF++)
                  | [Xom's grace]
  5166 | D:1      | Gained mutation: You possess an exceptional clarity of
                  | mind. [Xom's grace]
  5166 | D:1      | Gained mutation: You have a beak for a mouth. [Xom's grace]
  6089 | D:1      | XOM: divination: magic mapping
  6117 | D:1      | XOM: scenery: summon butterflies
  6419 | D:1      | XOM is BORED!
  6419 | D:1      | XOM: stat loss: -1 Dex (13/14)
  6722 | D:1      | XOM: scenery: summon butterflies
  6727 | D:1      | XOM: polymorph butterfly -> river rat
  6767 | D:1      | XOM: give mutations
  6767 | D:1      | Gained mutation: You passively dampen the noise of your
                  | surroundings. [Xom's grace]
  6767 | D:1      | Gained mutation: One of your tentacles bears a spike.
                  | [Xom's grace]
  6812 | D:2      | Reached XP level 3. HP: 20/20 MP: 3/3
  6822 | D:2      | Noticed Terence
  6825 | D:2      | XOM: summons friendly crimson imp
  6829 | D:2      | Killed Terence
  6830 | D:2      | Reached skill level 2 in Stealth
  6839 | D:2      | Gained mutation: You are partially covered in iridescent
                  | scales. (AC +2) [hidden potential]
  6861 | D:2      | Reached XP level 4. HP: 24/27 MP: 4/4
  7034 | D:2      | Reached skill level 3 in Stealth
  7081 | D:2      | Found a faded altar of an unknown god.
  7081 | D:2      | XOM: summons 3 hostile demons
  7420 | D:2      | Gained mutation: You are resistant to electric shocks.
                  | (rElec) [hidden potential]
  7420 | D:2      | Lost mutation: You have hidden genetic potential. [hidden
                  | potential expressed]
  7679 | D:3      | XOM: chaos upgrade
  7903 | D:3      | XOM: noise
  8037 | D:3      | Found a shimmering blue altar of Sif Muna.
  8139 | D:4      | XOM: give mutations
  8139 | D:4      | Lost mutation: You possess an exceptional clarity of mind.
                  | [Xom's mischief]
  8139 | D:4      | Lost mutation: You have a beak for a mouth. [Xom's
                  | mischief]
  8139 | D:4      | Lost mutation: Your system is resistant to poisons. (rPois)
                  | [Xom's mischief]
  8271 | D:4      | Noticed Sigmund
  8274 | D:4      | XOM: confuse monster(s)
  8279 | D:4      | Killed Sigmund
  8280 | D:4      | Reached skill level 5 in Stealth
  8280 | D:4      | Reached XP level 5. HP: 33/33 MP: 5/5
  8280 | D:4      | Reached XP level 6. HP: 38/38 MP: 6/6
  8309 | D:4      | Identified the +0 plate armour "Bywonab" {rF+ rC+ Slay-3}
  8309 | D:4      | Noticed an orc warrior
  8310 | D:4      | Found a runed translucent gate.
  8311 | D:4      | Found a runed translucent gate.
  8312 | D:4      | Noticed jpeg9000's ghost (amateur TrHW)
  8408 | D:4      | You fall into a shaft and drop 2 floors!
  8420 | D:5      | Entered Level 5 of the Dungeon
  8653 | D:4      | Identified the +3 hand axe of the Floral God {antimagic,
                  | *Noise rC++}
  8653 | D:4      | Identified the +2 leather armour "Astryga" {-Cast rPois
                  | rC++ Slay+2}
  8654 | D:4      | Found a runed translucent gate.
  8744 | D:5      | Reached skill level 6 in Stealth
  8766 | D:5      | Noticed Ijyb
  8777 | D:5      | Killed Ijyb
  8778 | D:5      | Reached XP level 7. HP: 28/42 MP: 7/7
  8948 | D:5      | XOM: enchant monster (good)
  8993 | D:5      | XOM: 4-stop teleportation journey
  9102 | D:5      | Noticed Prince Ribbit
  9110 | D:5      | Killed Prince Ribbit
  9111 | D:5      | Reached skill level 5 in Short Blades
  9111 | D:5      | Reached skill level 7 in Stealth
  9180 | D:5      | XOM: god gift: 3 boomerangs
  9422 | D:5      | Identified a scroll of acquirement
  9423 | D:5      | Acquired 686 gold pieces
  9455 | D:6      | Reached XP level 8. HP: 38/48 MP: 8/8
  9456 | D:6      | XOM: summons friendly crimson imp
  9463 | D:6      | Xom revived you
  9475 | D:6      | Reached skill level 8 in Stealth
  9758 | D:6      | a scorpion changed into a shapeshifter
  9758 | D:6      | Noticed a shapeshifter (shapeshifter)
  9758 | D:6      | a shapeshifter changed into a fire crab
  9758 | D:6      | Noticed a fire crab (shapeshifter)
  9762 | D:6      | Killed a fire crab
  9763 | D:6      | Reached skill level 5 in Fighting
  9763 | D:6      | Reached skill level 5 in Dodging
  9763 | D:6      | Reached skill level 9 in Stealth
  9763 | D:6      | Reached skill level 1 in Evocations
  9840 | D:6      | Reached XP level 9. HP: 36/54 MP: 9/9
  9967 | D:6      | Reached skill level 10 in Stealth
 10682 | D:7      | Reached skill level 1 in Unarmed Combat
 10702 | D:7      | Noticed a boulder beetle
 10714 | D:7      | XOM: smoke on damage
 10717 | D:7      | Killed a boulder beetle
 10718 | D:7      | Reached skill level 11 in Stealth
 10718 | D:7      | Reached skill level 1 in Shapeshifting
 10779 | D:7      | XOM: polymorph centaur -> ice beast
 10948 | D:7      | Reached XP level 10. HP: 49/61 MP: 10/10
 10997 | D:7      | Found a staircase to the Ecumenical Temple.
 11003 | D:7      | XOM: swap monsters
 11018 | D:7      | Reached skill level 12 in Stealth
 11156 | D:7      | Noticed Dowan
 11159 | D:7      | Noticed Duvessa
 11171 | D:7      | Killed Duvessa
 11171 | D:7      | Killed Dowan
 11335 | D:7      | XOM: silly message
 11533 | D:8      | XOM: cloud trail
 11826 | D:8      | XOM: summons 2 hostile shadow creatures
 11856 | D:8      | Slain by an orc warrior

Illustrated notes

Levels and vault maps discovered:
D:1:      spicycebolla_green_bress_n_ham_2, layout_loops_ring,
          hangedman_decor_growths, corexii_corridor_pit
D:2:      layout_rooms, ebering_ecumenical_altar_hall, uniq_terence
D:3:      layout_loops_ring, lemuel_blue_sif_altar
D:4:      layout_cave_pools, biasface_ghost_orc_armoury,
          minmay_misc_feat_pillars, uniq_sigmund
D:5:      layout_loops_ring, uniq_prince_ribbit1, uniq_ijyb
D:6:      layout_gridville
D:7:      layout_loops_cross, minmay_temple_entry_tees, minmay_three_doors,
          uniq_duvessa
D:8:      layout_gridville, uniq_maggie

Skill      XL: |  1  2  3  4  5  6  7  8  9 10 |
---------------+-------------------------------+-----
Stealth        | 1 2 5 6 7 9 11 12 | 12.4
Short Blades   | 4 5 6 7 |  7.5
Dodging        | 3 4 5 6 |  6.0
Fighting       | 4 5 6 |  6.0
Evocations     | 1 |  1.3
Unarmed Combat | 2 3 |  3.4
Shapeshifting  | 2 |  2.8

Action                     |  1- 3 |  4- 6 |  7- 9 | 10-12 || total
---------------------------+-------+-------+-------+-------++-------
  Melee: Short sword       |    42 |    80 |   118 |    11 ||   251
         Constrict         |     8 |    22 |    23 |    15 ||    68
         Tentacles         |     5 |    21 |    33 |    22 ||    81
         Kick              |     5 |    27 |    51 |    24 ||   107
         Peck              |     2 |     5 |       |       ||     7
         Punch             |       |       |     5 |       ||     5
         Dagger            |       |       |       |    46 ||    46
  Evoke: Wand              |       |       |     2 |       ||     2
    Use: Scroll            |       |     1 |     3 |     7 ||    11
         Potion            |       |       |     2 |     1 ||     3
   Stab: Sleeping          |    10 |    11 |    17 |     3 ||    41
         Confused          |       |     1 |     1 |       ||     2
         Paralysed         |       |       |     3 |     1 ||     4
 Armour: Skin              |    12 |    60 |    36 |    28 ||   136
  Dodge: Dodged            |    20 |    69 |    66 |    38 ||   193

Table legend: (Time is in decaauts)
 A = Elapsed time spent in this place.
 B = Non-inter-level travel time spent in this place.
 C = Inter-level travel time spent in this place.
 D = Time resting spent in this place.
 E = Time spent auto-exploring this place.
 F = Levels seen in this place.
 G = Mean time per level.
                   A        B        C        D        E       F      G
               +--------+--------+--------+--------+--------+-----+--------+
         Total |  11762 |  11589 |    173 |   6541 |   4132 |   8 | 1470.2 |
       Dungeon |  11762 |  11589 |    173 |   6541 |   4132 |   8 | 1470.2 |
               +--------+--------+--------+--------+--------+-----+--------+

Top non-repeatable levels by time:
     D:1: 6533 daAuts
     D:5: 1037 daAuts
     D:2: 969 daAuts
     D:6: 888 daAuts
     D:7: 855 daAuts
     D:3: 591 daAuts
     D:4: 519 daAuts
     D:8: 365 daAuts
